 Dungeon Crawl Stone Soup version 0.31-a0-233-g139696dc86 (webtiles) character file.

Game seed: 12089668912338903330

361 bjtr the Grave Robber (level 6, -3/63 HPs)
             Began as a Demonspawn Necromancer on July 8, 2023.
             Slain by an orc warrior
             ... wielding a +0 war axe
              (7 damage)
             ... on level 3 of the Dungeon.
             The game lasted 00:13:40 (1854 turns).

bjtr the Grave Robber (Demonspawn Necromancer)      Turns: 1854, Time: 00:13:41

Health: -3/63      AC: 23    Str:  7 (8)  XL:     6   Next: 38%
Magic:  10/12      EV:  2    Int: 17 (18) God:
Gold:   123        SH:  0    Dex: 11 (14) Spells: 9/13 levels left

rFire   . . .        a - +2 whip (elec)
rCold   . . .        (no shield)
rNeg    . . .        l - melded +0 leather armour
rPois   +            p - melded +0 helmet
rElec   .            c - melded +0 cloak
rCorr   .            (gloves currently unavailable)
SInv    .            (boots currently unavailable)
Will    +....        i - amulet of the acrobat
Stlth   ++           (no ring)
HPRegen 0.30/turn    (no ring)
MPRegen 0.13/turn

%: acrobat
@: tree-form, enlightened
A: stationary, stasis, torment immunity, boosted hp, powered by pain 1, (demonic
touch 1)
a: no special abilities


You were on level 3 of the Dungeon.
You were a tree.
You visited 1 branch of the dungeon, and saw 3 of its levels.

You collected 123 gold pieces.

Inventory:

Hand Weapons
 a - a +2 whip of electrocution (weapon)
 j - a +0 short sword
 o - a +0 mace
 q - a +0 sling
 r - a +0 scythe
 t - a +0 war axe
 u - a +0 club
Missiles
 g - 6 poisoned darts
Armour
 c - a +0 cloak (melded)
 f - a +0 robe
 l - a +0 leather armour (melded)
 p - a +0 helmet (melded)
Jewellery
 i - an amulet of the acrobat (around neck)
Scrolls
 e - 3 scrolls of teleportation {unknown}
 h - a scroll of identify {unknown}
 n - a scroll of fog {unknown}
Potions
 b - a potion of magic
 d - 2 potions of curing
 m - a potion of lignification
 s - a potion of degeneration


   Skills:
 + Level 0.4 Fighting
 + Level 0.5 Armour
 + Level 2.5 Dodging
 + Level 2.0 Stealth
 * Level 4.2 Spellcasting
 * Level 6.4 Necromancy
 + Level 0.1 Evocations


You had 9 spell levels left.
You knew the following spells:

 Your Spells              Type           Power      Damage    Failure   Level
a - Necrotise             Necr           100%       1d9       1%          1
b - Vampiric Draining     Necr           25%        2d7       3%          3

Your spell library contained the following spells:

 Spells                   Type           Power      Damage    Failure   Level
 Animate Dead             Necr           25%        N/A       11%         4
 Agony                    Necr           25%        N/A       30%         5


Dungeon Overview and Level Annotations

Branches:
Dungeon (3/15)

Altars:
Okawaru

Shops:
D:2 [


Innate Abilities, Weirdness & Mutations

You are a tree.
Your roots penetrate the ground, keeping you stationary.
You cannot be teleported.
You are immune to unholy pain and torment.
Your maximum health is greatly increased.
Your equipment is partially melded.
You sometimes gain a little power by taking damage.
((Your touch may inflict minor irresistible damage on your foes.))


Message History

Press: ? - help, Shift-Dir - straight line, f/p - orc priest
Aim: an orc priest, wielding a +0 mace (heavily wounded, chance to affect: 83%)
The orc warrior writhes in agony.
The orc warrior closely misses you. The orc priest barely misses you.
The orc priest invokes the aid of Beogh against you.
Beogh smites you!
Unknown command.
Casting: Necrotise (safe; 1% risk of failure)
Confirm with . or Enter, or press ? or * to list all spells.
Aiming: Necrotise (safe; 1% risk of failure)
Press: ? - help, Shift-Dir - straight line, f/p - orc priest
Aim: an orc priest, wielding a +0 mace (heavily wounded, chance to affect: 83%)
The orc priest writhes in agony.
The orc warrior hits you with a +0 war axe.
The orc priest mumbles some strange prayers to Beogh against you.
Beogh smites you!
* * * LOW HITPOINT WARNING * * *
The orc priest hits you with a +0 mace.
* * * LOW HITPOINT WARNING * * *
Unknown command.
It was a potion of lignification.
You turn into a tree.
Your +0 cloak melds into your body.
Your +0 helmet melds into your body.
Your +0 leather armour melds into your body.
Your roots penetrate the ground.
The orc priest looks braver for a moment.
The orc warrior cheers noisily.
The orc warrior hits you with a +0 war axe.
* * * LOW HITPOINT WARNING * * *
Unknown command.
Unknown command.
It was a potion of degeneration.
There was something very wrong with that liquid.
You feel weakened.
You feel dopey.
You feel clumsy.
The orc warrior hits you but does no damage.
An orc comes into view. It is wielding a +0 club.
Unknown command.
Unknown command.
It was a potion of enlightenment.
Your roots keep you in place.
The orc warrior hits you with a +0 war axe!
You die...

#.≈o≈
#.≈≈. .o.
#'## #wo#
##o#
#o########
#oo.[..<.#
##♣#####.#
#.####.###
#.......[#
#.####.#<#
#.#.#
#.#.#
#....
##.### ..#


You could see an orc warrior, a worm, 2 orc priests and 3 orcs.

Vanquished Creatures
  Sigmund (D:2)
  Jessica (D:2)
  Natasha (thrice) (D:2)
  Robin (D:2)
  3 adders
  A worm (D:2)
  2 dart slugs
  6 bats
  3 endoplasms
  2 giant cockroaches (D:1)
  9 goblins
  5 hobgoblins
  3 jackals (D:1)
  5 kobolds
  A quokka (D:1)
  3 ball pythons
  7 frilled lizards
  4 rats (D:1)
60 creatures vanquished.

Vanquished Creatures (collateral kills)
  2 endoplasms
  A goblin (D:2)
  A hobgoblin (D:2)
  A jackal (D:1)
5 creatures vanquished.

Grand Total: 65 creatures vanquished

Notes
Turn   | Place    | Note
-------+----------+-------------------------------------------
     0 | D:1      | bjtr the Demonspawn Necromancer began the quest for the
                  | Orb.
     0 | D:1      | Reached XP level 1. HP: 13/13 MP: 3/3
    91 | D:1      | Gained mutation: Your touch may inflict minor irresistible
                  | damage on your foes. [demonic ancestry]
    91 | D:1      | Reached XP level 2. HP: 19/19 MP: 0/5
   314 | D:1      | Reached skill level 5 in Necromancy
   410 | D:1      | Reached XP level 3. HP: 24/24 MP: 3/6
   958 | D:2      | Learned a level 3 spell: Vampiric Draining
  1104 | D:2      | Noticed Jessica
  1111 | D:2      | Killed Jessica
  1112 | D:2      | Reached XP level 4. HP: 18/30 MP: 0/8
  1175 | D:2      | Found an iron altar of Okawaru.
  1179 | D:2      | Noticed Robin
  1190 | D:2      | Killed Robin
  1318 | D:2      | Found Jobuj's Antique Armour Shop.
  1350 | D:2      | Noticed Natasha
  1365 | D:2      | Killed Natasha
  1367 | D:2      | Noticed Natasha
  1368 | D:2      | Killed Natasha
  1369 | D:2      | Reached XP level 5. HP: 17/35 MP: 2/10
  1452 | D:2      | Noticed Natasha
  1457 | D:2      | Killed Natasha
  1534 | D:2      | Noticed Sigmund
  1591 | D:2      | Killed Sigmund
  1592 | D:2      | Reached skill level 6 in Necromancy
  1592 | D:2      | Gained mutation: You sometimes gain a little power by
                  | taking damage. [demonic ancestry]
  1592 | D:2      | Reached XP level 6. HP: 39/42 MP: 9/12
  1840 | D:3      | Noticed an orc warrior
  1852 | D:3      | HP: 3/63 [orc warrior/+0 war axe (3)]
  1854 | D:3      | Slain by an orc warrior

Illustrated notes

Levels and vault maps discovered:
D:1:      wander_arrival_desolate, layout_basic
D:2:      layout_rooms, serial_shops, shop, basic_altar, uniq_sigmund,
          uniq_natasha, uniq_jessica, uniq_robin
D:3:      layout_loops_corners, serial_shops, nicolae_shop_hallway_stairs,
          minmay_misc_feat_roman, kennysheep_generic_room_9

Skill      XL: |  1  2  3  4  5 |
---------------+----------------+-----
Necromancy     | 5 6 |  6.4
Dodging        | 2 |  2.5
Stealth        | 2 |  2.0
Spellcasting   | 3 4 |  4.2
Fighting       | |  0.4
Armour         | |  0.5
Evocations     | |  0.1

Action                     |  1- 3 |  4- 6 || total
---------------------------+-------+-------++-------
  Melee: Whip              |    72 |    28 ||   100
         Punch             |     1 |     1 ||     2
         Touch             |     7 |     2 ||     9
   Cast: Necrotise         |    39 |    29 ||    68
  Evoke: Wand              |       |     4 ||     4
    Use: Potion            |       |     3 ||     3
   Stab: Distracted        |     1 |       ||     1
         Sleeping          |     1 |     1 ||     2
 Armour: Robe              |    20 |       ||    20
         Leather armour    |     2 |     8 ||    10
         Skin              |       |     1 ||     1
  Dodge: Dodged            |    59 |    25 ||    84

Table legend: (Time is in decaauts)
 A = Elapsed time spent in this place.
 B = Non-inter-level travel time spent in this place.
 C = Inter-level travel time spent in this place.
 D = Time resting spent in this place.
 E = Time spent auto-exploring this place.
 F = Levels seen in this place.
 G = Mean time per level.
                   A        B        C        D        E       F      G
               +--------+--------+--------+--------+--------+-----+--------+
         Total |   1883 |   1834 |     49 |    188 |   1087 |   3 |  627.7 |
       Dungeon |   1883 |   1834 |     49 |    188 |   1087 |   3 |  627.7 |
               +--------+--------+--------+--------+--------+-----+--------+

Top non-repeatable levels by time:
     D:1: 954 daAuts
     D:2: 882 daAuts
     D:3: 47 daAuts
